 Dungeon Crawl Stone Soup version 0.27-a0-1423-ge5d6b6ab6a (webtiles) character file.

Game seed: 17279982620168204044

112 Finguili the Conjurer (level 4, -9/33 HPs)
             Began as a Demigod Air Elementalist on July 2, 2021.
             Killed from afar by Sigmund (10 damage)
             ... with a puff of flame
             ... on level 3 of the Dungeon.
             The game lasted 00:07:12 (3308 turns).

Finguili the Conjurer (Demigod Air Elementalist)    Turns: 3308, Time: 00:07:13

Health: -9/33      AC:  6    Str:  9    XL:     4   Next: 38%
Magic:  8/9        EV: 11    Int: 21    God:
Gold:   107        SH:  0    Dex: 14    Spells: 3/7 levels left

rFire    . . .     SeeInvis .   h - +0 dagger (venom)
rCold    . . .     Faith    .   (no shield)
rNeg     + . .     Spirit   .   j - +0 leather armour
rPois    .         Reflect  .   (no helmet)
rElec    .         Harm     .   (no cloak)
rCorr    .         Rampage  .   b - +1 pair of gloves
Will     .....                  e - +0 pair of boots
Stlth    ++........             (no amulet)
HPRegen  0.11/turn              k - ring of positive energy
MPRegen  0.11/turn              (no ring)

@: no status effects
A: high mp 1, forlorn
a: no special abilities


You were on level 3 of the Dungeon.
You visited 1 branch of the dungeon, and saw 3 of its levels.

You collected 107 gold pieces.

Inventory:

Hand Weapons
 h - a +0 dagger of venom (weapon)
Armour
 a - a +0 robe
 b - a +1 pair of gloves (worn)
 e - a +0 pair of boots (worn)
 j - a +0 leather armour (worn)
Jewellery
 k - a ring of positive energy (left hand)
Scrolls
 d - 3 scrolls of magic mapping {unknown}
 g - 2 scrolls of identify {unknown}
 o - a scroll of amnesia {unknown}
Potions
 c - a potion of cancellation {unknown}
 f - a potion of resistance
 i - 2 potions of heal wounds {unknown}
 l - 2 potions of haste {unknown}
 m - a potion of curing {unknown}
 n - a potion of ambrosia {unknown}


   Skills:
 - Level 2.0 Dodging
 + Level 2.9 Stealth
 - Level 2.0 Spellcasting
 * Level 3.0 Conjurations
 - Level 2.8 Air Magic


You had 3 spell levels left.
You knew the following spells:

 Your Spells              Type           Power      Damage    Failure   Level
a - Shock                 Conj/Air       56%        1d6       6%          1
b - Swiftness             Air            14%        N/A       19%         3

Your spell library contained the following spells:

 Spells                   Type           Power      Damage    Failure   Level
 Static Discharge         Conj/Air       14%        N/A       10%         2
 Animate Skeleton         Necr           4%         N/A       21%         1
 Pain                     Necr           8%         1d4       21%         1
 Stone Arrow              Conj/Erth      16%        3d8       32%         3
 Vampiric Draining        Necr           1%         2d6       52%         3
 Airstrike                Air            7%         N/A       54%         4
 Lightning Bolt           Conj/Air       7%         1d19      86%         5
 Animate Armour           Summ/Erth      4%         N/A       90%         4
 Lehudib's Crystal Spear  Conj/Erth      4%         10d3      100%        8


Dungeon Overview and Level Annotations

Branches:
Dungeon (3/15)

Shops:
D:2 =   D:3 [

Annotations:
D:3 1 runed translucent door, Crazy Yiuf, Robin, Sigmund


Innate Abilities, Weirdness & Mutations

Your attributes grow dramatically as you level up.
You have an increased reservoir of magic. (+10% MP)
You shall have no god before yourself.


Message History

A hound comes into view.
Casting: Shock (safe; 7% risk of failure)
Confirm with . or Enter, or press ? or * to list all spells.
Aiming: Shock (safe; 7% risk of failure)
Press: ? - help, Shift-Dir - straight line, f - hound
Aim: a hound (wandering, hasn't noticed you, 56% to hit)
The zap hits the hound.
The hound is lightly wounded.
The hound barks!
Casting: Shock (safe; 7% risk of failure)
Confirm with . or Enter, or press ? or * to list all spells.
Aiming: Shock (safe; 7% risk of failure)
Press: ? - help, Shift-Dir - straight line, f/p - hound
Aim: a hound (lightly wounded, 56% to hit)
The zap hits the hound.
The hound is moderately wounded.
Casting: Shock (safe; 7% risk of failure)
Confirm with . or Enter, or press ? or * to list all spells.
Aiming: Shock (safe; 7% risk of failure)
Press: ? - help, Shift-Dir - straight line, f/p - hound
Aim: a hound (moderately wounded, 56% to hit)
The zap hits the hound.
The hound is moderately wounded.
The hound bites you.
Casting: Shock (safe; 7% risk of failure)
Confirm with . or Enter, or press ? or * to list all spells.
Aiming: Shock (safe; 7% risk of failure)
Press: ? - help, Shift-Dir - straight line, f/p - hound
Aim: a hound (moderately wounded, 56% to hit)
You miscast Shock.
You are very lightly contaminated with residual magic.
Nothing appears to happen.
The hound barely misses you. The hound bites you.
You hit the hound but do no damage.
The hound is poisoned.
The hound is moderately wounded.
The hound closely misses you.
You hit the hound.
The hound is heavily wounded.
The hound closely misses you. The hound barely misses you.
You hit the hound but do no damage.
The hound looks as sick as possible!
The hound is heavily wounded.
The hound barely misses you.
You hit the hound but do no damage.
The hound looks as sick as possible!
The hound is severely wounded.
The hound bites you but does no damage. The hound misses you.
You closely miss the hound.
The hound is severely wounded.
You kill the hound!
Your Conjurations skill increases to level 3!
You start resting.
Your magical contamination has completely faded away.
You start resting.
Sigmund is nearby!
Casting: Shock (safe; 6% risk of failure)
Confirm with . or Enter, or press ? or * to list all spells.
Aiming: Shock (safe; 6% risk of failure)
Press: ? - help, Shift-Dir - straight line, f - Sigmund
Aim: Sigmund, wielding a +0 scythe, wearing a +0 robe and carrying a wand of flame (11) (wandering, hasn't noticed you, 68% to hit)
The zap hits Sigmund.
Sigmund is lightly wounded.
Sigmund shouts!
You hear an angry hiss.
Sigmund gestures wildly while chanting.
Sigmund flickers and vanishes!
Deactivating autopickup; reactivate with Ctrl-A.
Casting: Shock (safe; 6% risk of failure)
Confirm with . or Enter, or press ? or * to list all spells.
You can't see any susceptible monsters within range! (Use Z to cast anyway.)
Casting: Shock (safe; 6% risk of failure)
Confirm with . or Enter, or press ? or * to list all spells.
You can't see any susceptible monsters within range! (Use Z to cast anyway.)
A magic dart appears from out of thin air!
The magic dart hits you but does no damage.
You are confused.
You bump into the rock wall.
You bump into the rock wall.
A puff of flame appears from out of thin air!
The puff of flame hits you.
You hear a zap.
A puff of flame appears from out of thin air!
The puff of flame misses you.
There is a fountain of clear blue water here.
You're too confused to move!
You are engulfed in a cloud of scalding steam.
A puff of flame appears from out of thin air!
The puff of flame hits you!
You bump into the rock wall.
You are engulfed in a cloud of scalding steam.
You feel less confused.
You hear a zap.
A puff of flame appears from out of thin air!
The puff of flame hits you!
You hear a zap.
A puff of flame appears from out of thin air!
The puff of flame hits you!
* * * LOW HITPOINT WARNING * * *
A puff of flame appears from out of thin air!
The puff of flame hits you.
* * * LOW HITPOINT WARNING * * *
A puff of flame appears from out of thin air!
The puff of flame hits you!
You die...

#.#.#............### #....###
#.#.#######......# #.##.###
#.#.######.......# #.##....
#....{.{.⌠.⌠.....# ####.####..
##.#.####.∩......###..........
####.###.###⌠.⌠..).........#####.
#...###...##.#.#....###.#### ##.
.....###.###........###.#######..
#.#.#.#..#####..@<...............
#.#.##............#.###########..
#.#.#############.#....# ##.
#.#.# #...####.# #. #.#.# #.###
#.# #####. #.#.# #.# #.# #.....
#.#.# #.# #.# #.#### ..#.# #.#
#.#####.# .##.# #.# #.......#


There were no monsters in sight!

Vanquished Creatures
  A hound (D:3)
  2 adders
  A worm (D:3)
  3 dart slugs
  2 ball pythons
  6 endoplasms
  5 giant cockroaches (D:1)
  4 hobgoblins
  3 jackals (D:2)
  4 quokkas
  2 bats (D:1)
  3 frilled lizards
  8 goblins
  3 kobolds
  9 rats
56 creatures vanquished.

Vanquished Creatures (others)
  A plant (D:2)
1 creature vanquished.

Grand Total: 57 creatures vanquished

Notes
Turn   | Place    | Note
-------+----------+-------------------------------------------
     0 | D:1      | Finguili the Demigod Air Elementalist began the quest for
                  | the Orb.
     0 | D:1      | Reached XP level 1. HP: 14/14 MP: 5/5
    84 | D:1      | Reached skill level 1 in Conjurations
   311 | D:1      | Reached XP level 2. HP: 20/20 MP: 0/7
  1387 | D:1      | Reached XP level 3. HP: 26/26 MP: 6/8
  1552 | D:2      | Reached skill level 2 in Conjurations
  2018 | D:2      | Found Xont's Jewellery Shoppe.
  2302 | D:3      | Identified the +2 helmet of Defence {rC- Str+7 SInv}
  2302 | D:3      | Noticed Robin
  2501 | D:3      | Found Cityphaw's Armour Boutique.
  2526 | D:3      | Noticed Sigmund
  2844 | D:3      | Learned a level 3 spell: Swiftness
  2994 | D:3      | Reached XP level 4. HP: 33/33 MP: 1/9
  3204 | D:3      | Found a runed translucent door.
  3205 | D:3      | Noticed Crazy Yiuf
  3285 | D:3      | Reached skill level 3 in Conjurations
  3307 | D:3      | HP: 1/33 [something/puff of flame (3)]
  3308 | D:3      | Killed from afar by Sigmund

Illustrated notes

Levels and vault maps discovered:
D:1:      dpeg_arrival_three_same_balls, layout_basic
D:2:      layout_loops_cross, hellmonk_ecumenical_altar_heavens_door,
          serial_shops, shop, serial_bayou_pond_a, minmay_misc_feat_hallway
D:3:      layout_loops_ring, serial_shops, shop_fountains,
          uniq_crazy_yiuf_cottage, uniq_sigmund, uniq_robin

Skill      XL: |  1  2  3  4 |
---------------+-------------+-----
Conjurations   | 1 2 3 |  3.0
Stealth        | 2 |  2.9
Dodging        | 2 |  2.0
Spellcasting   | 2 |  2.0
Air Magic      | |  2.8

Action                   |  1- 3 |  4- 6 || total
-------------------------+-------+-------++-------
Melee: Unarmed           |    13 |       ||    13
       Dagger            |    10 |     5 ||    15
 Cast: Shock             |   119 |    14 ||   133
Armor: Robe              |     7 |       ||     7
       Leather armour    |     5 |     3 ||     8
Dodge: Dodged            |    14 |     7 ||    21

Table legend: (Time is in decaauts)
 A = Elapsed time spent in this place.
 B = Non-inter-level travel time spent in this place.
 C = Inter-level travel time spent in this place.
 D = Time resting spent in this place.
 E = Time spent auto-exploring this place.
 F = Levels seen in this place.
 G = Mean time per level.
                   A        B        C        D        E       F      G
               +--------+--------+--------+--------+--------+-----+--------+
         Total |   3307 |   3237 |     70 |    463 |   2396 |   3 | 1102.3 |
       Dungeon |   3307 |   3237 |     70 |    463 |   2396 |   3 | 1102.3 |
               +--------+--------+--------+--------+--------+-----+--------+

Top non-repeatable levels by time:
     D:1: 1432 daAuts
     D:2: 1055 daAuts
     D:3: 819 daAuts
